 Dungeon Crawl Stone Soup version 0.28.0-47-ge53b351184 (webtiles) character file.

Game seed: 6131788663880212688

7 pkoi the Digger (level 1, -2/14 HPs)
             Began as a Demigod Earth Elementalist on May 7, 2022.
             Succumbed to Terence's poison
             ... on level 2 of the Dungeon.
             The game lasted 00:00:43 (345 turns).

pkoi the Digger (Demigod Earth Elementalist)         Turns: 345, Time: 00:00:43

Health: -2/14      AC:  2    Str:  9    XL:     1   Next: 73%
Magic:  3/5        EV: 12    Int: 17    God:
Gold:   9          SH:  0    Dex: 14    Spells: 2/3 levels left

rFire   . . .      SeeInvis +   e - +0 dagger
rCold   . . .      Faith    .   (no shield)
rNeg    . . .      Spirit   .   b - +0 robe
rPois   .          Reflect  .   (no helmet)
rElec   .          Harm     .   (no cloak)
rCorr   .          Rampage  .   (no gloves)
Will    .....                   (no boots)
Stlth   ++........              (no amulet)
HPRegen 0.04/turn               a - ring of see invisible
MPRegen 0.09/turn               (no ring)

@: lethally poisoned (-2 -> -17)
A: high MP 1, forlorn, divine attributes
a: no special abilities


You were on level 2 of the Dungeon.
You visited 1 branch of the dungeon, and saw 2 of its levels.

You collected 9 gold pieces.

Inventory:

Hand Weapons
 e - a +0 dagger (weapon)
Missiles
 c - 37 stones
Armour
 b - a +0 robe (worn)
Jewellery
 a - a ring of see invisible (left hand)
Scrolls
 d - a scroll of identify {unknown}


   Skills:
 - Level 1.7 Dodging
 - Level 1.7 Stealth
 + Level 1.9 Spellcasting
 * Level 1.3 Transmutations
 * Level 2.9 Earth Magic


You had 2 spell levels left.
You knew the following spells:

 Your Spells              Type           Power      Damage    Failure   Level
a - Sandblast             Erth           22%        2d7       6%          1

Your spell library contained the following spells:

 Spells                   Type           Power      Damage    Failure   Level
 Passwall                 Tmut/Erth      6%         N/A       12%         2
 Stone Arrow              Conj/Erth      12%        3d7       32%         3
 Petrify                  Tmut/Erth      8%         N/A       63%         4


Dungeon Overview and Level Annotations

Branches:
Dungeon (1/15)

Shops:
D:1 ?

Annotations:
D:2 Terence


Innate Abilities, Weirdness & Mutations

You have an increased reservoir of magic. (+10% MP)
You shall have no god before yourself.
Your divine heritage dramatically boosts your attributes as you level up.


Message History

Done waiting.
You see here a +0 dagger.
e - a +0 dagger
e - a +0 dagger (weapon)
The endoplasm quivers.
The blast of sand hits the endoplasm!
You kill the endoplasm!
You can't see any susceptible monsters within range! (Use Z to cast anyway.)
You start resting.
Magic restored.
Found 26 arrows.
You now have 9 gold pieces.
Terence the Incautious comes into view.
He is wielding a +1 mace of venom.
Press: ? - help, v - describe, . - travel
Here: Terence, wielding a +1 mace of venom and wearing a +0 chain mail (asleep)
The floor.
Unknown command.
Terence bares his teeth.
Aiming: Sandblast (safe; 6% risk of failure)
Press: ? - help, Q - select action, (/) - cycle Shift-Dir - straight line, f - you That would be overly suicidal.
Okay, then.
Unknown command.
Aiming: Sandblast (safe; 6% risk of failure)
Press: ? - help, Q - select action, (/) - cycle Shift-Dir - straight line, f - Terence
Aim: Terence, wielding a +1 mace of venom and wearing a +0 chain mail (85% to hit)
The blast of sand hits Terence but does no damage.
Unknown command.
Aiming: Sandblast (safe; 6% risk of failure)
Press: ? - help, Q - select action, (/) - cycle Shift-Dir - straight line, f/p - Terence
Aim: Terence, wielding a +1 mace of venom and wearing a +0 chain mail (85% to hit)
The blast of sand hits Terence but does no damage.
Terence hits you with a +1 mace of venom!
Ouch! That really hurt!
* * * LOW HITPOINT WARNING * * *
You are lethally poisoned!
* * * LOW HITPOINT WARNING * * *
You feel very sick.
You aren't carrying any potions.
You die...

#..#####.#
#........## #...#
#...# #
#.#.###.(.#.#
#.#.........#
#....#....###
#....#.#..#
#.#..#.#..#
##.#..#@#..#####
#.....#.#.......
###..#..@.........
#....#............
+.........#.......
.....#####.#.######
.... #.#.# ...#
#...# ##..#


You could see Terence.

Vanquished Creatures
  A ball python (D:2)
  3 endoplasms
  A goblin (D:2)
  A rat (D:1)
6 creatures vanquished.

Notes
Turn   | Place    | Note
-------+----------+-------------------------------------------
     0 | D:1      | pkoi the Demigod Earth Elementalist began the quest for the
                  | Orb.
     0 | D:1      | Reached XP level 1. HP: 14/14 MP: 5/5
     3 | D:1      | Found Benedas's Magic Scroll Emporium.
    13 | D:1      | Reached skill level 1 in Transmutations
   148 | D:1      | You fall into a shaft and drop 1 floor!
   330 | D:2      | Noticed Terence
   345 | D:2      | Succumbed to Terence's poison

Illustrated notes

Levels and vault maps discovered:
D:1:      minmay_arrival_arboretum_small, layout_loops_ring, serial_shops, shop,
          minmay_stone_trees_small, chequers_serial_rivers_micro_e
D:2:      layout_basic, basic_altar, uniq_terence

Skill      XL: |  1 |
---------------+----+-----
Transmutations | 1 |  1.3
Dodging        | |  1.7
Stealth        | |  1.7
Spellcasting   | |  1.9
Earth Magic    | |  2.9

Action                   || total
-------------------------++-------
 Cast: Sandblast         ||    11
